 Dungeon Crawl Stone Soup version 0.29.1-13-g9f3cf754e1 (webtiles) character file.

Game seed: 10243178011487291611

63 croobank the Sneak (level 4, 0/31 HPs)
             Began as an Octopode Delver on Feb 11, 2023.
             Succumbed to an adder's poison
             ... on level 6 of the Dungeon.
             The game lasted 00:01:37 (183 turns).

croobank the Sneak (Octopode Delver)                 Turns: 183, Time: 00:01:38

Health: 0/31       AC:  1    Str: 11    XL:     4   Next: 10%
Magic:  4/4        EV: 13    Int: 14    God:
Gold:   0          SH:  0    Dex: 13    Spells: 3/3 levels left

rFire   . . .      SeeInvis .   a - +0 hand axe
rCold   . . .      Faith    .   (no shield)
rNeg    . . .      Spirit   .   (helmet restricted)
rPois   .          Reflect  .   (no amulet)
rElec   .          Harm     .   (no ring)
rCorr   .          Rampage  .   (no ring)
Will    .....                   (no ring)
Stlth   ++++......              (no ring)
HPRegen 0.10/turn               (no ring)
MPRegen 0.09/turn               (no ring)
                                (no ring)
                                (no ring)

@: lethally poisoned (0 -> 0), flying
A: almost no armour, amphibious, 8 rings, camouflage 1, gelatinous body 1,
(nimble swimmer 1), tentacles
a: no special abilities


You were on level 6 of the Dungeon.
You visited 1 branch of the dungeon, and saw 2 of its levels.

Inventory:

Hand Weapons
 a - a +0 hand axe (weapon)
Wands
 f - a wand of digging (2)
Scrolls
 b - a scroll of fog
 d - a scroll of fear


   Skills:
 + Level 3.5 Fighting
 + Level 2.7 Axes
 + Level 2.7 Dodging
 + Level 7.1 Stealth


You had 3 spell levels left.
You didn't know any spells.
Your spell library was empty.

Dungeon Overview and Level Annotations

Branches:
Dungeon (6/15)
 Temple: D:4-7

Altars:

Shops:
D:6 !


Innate Abilities, Weirdness & Mutations

You cannot wear most types of armour.
You are amphibious.
You can wear up to eight rings at the same time.
Your skin changes colour to match your surroundings (Stealth+).
Your rubbery body absorbs attacks. (AC +1, EV +1)
((You are camouflaged when in or above water. (Stealth+)))
You have tentacles for arms and can constrict up to eight enemies at once.


Message History

The giant cockroach completely misses you.
You barely miss the giant cockroach. Your grab misses the giant cockroach.
The giant cockroach closely misses you. The giant cockroach misses you.
You barely miss the giant cockroach. You grab the giant cockroach.
You constrict the giant cockroach. The giant cockroach bites you.
You hit the giant cockroach.
Your squeeze misses the giant cockroach.
The giant cockroach is heavily wounded.
You constrict the giant cockroach.
The giant cockroach bites you but does no damage. x2
You hit the giant cockroach.
You kill the giant cockroach!
You barely miss the giant cockroach. The giant cockroach closely misses you.
You barely miss the giant cockroach. You grab the giant cockroach.
You constrict the giant cockroach. The giant cockroach barely misses you.
You hit the giant cockroach.
The giant cockroach is severely wounded.
You constrict the giant cockroach.
You kill the giant cockroach!
An adder is nearby!
The adder bites you. The adder bites you.
You are poisoned.
The adder poisons you!
You closely miss the adder. You grab the adder. You constrict the adder.
You feel sick. The adder barely misses you. The adder bites you.
* * * LOW HITPOINT WARNING * * *
You hit the adder.
The adder is moderately wounded.
You constrict the adder.
You feel sick. The adder bites you.
* * * LOW HITPOINT WARNING * * *
It was a potion of flight.
You feel very buoyant.
You fly up into the air.
You constrict the adder.
You feel sick. The adder bites you.
* * * LOW HITPOINT WARNING * * *
You completely miss the adder.
The adder is severely wounded.
You constrict the adder.
You die...

###.# **#######*
#...# *,.......*
#.### *~~~.....*
#.# *,~.~~...*
#.# *~r~r~..(*
###.#
***++~?..###...#
*~~~#~~~..##.###
*~∩~#~..†..S@#
*~~~#~~..#####
****#####*


You could see an adder.

Vanquished Creatures
  A bullfrog (D:6)
  3 giant cockroaches (D:6)
4 creatures vanquished.

Notes
Turn   | Place    | Note
-------+----------+-------------------------------------------
     0 | D:5      | croobank the Octopode Delver began the quest for the Orb.
     0 | D:5      | Reached XP level 1. HP: 16/16 MP: 1/1
    34 | D:6      | Noticed a sky beast
    41 | D:6      | Found Ymial's Distillery.
    44 | D:6      | Noticed an ogre
    45 | D:6      | Noticed a scorpion
    50 | D:6      | Noticed a bullfrog
    59 | D:6      | Killed a bullfrog
    60 | D:6      | Reached skill level 7 in Stealth
    60 | D:6      | Reached XP level 2. HP: 6/21 MP: 2/2
    60 | D:6      | Reached XP level 3. HP: 8/26 MP: 3/3
    60 | D:6      | Reached XP level 4. HP: 9/31 MP: 4/4
   182 | D:6      | HP: 1/31 [adder (1)]
   183 | D:6      | Succumbed to an adder's poison

Illustrated notes

Levels and vault maps discovered:
D:5:      layout_loops_corners, serial_shops, nicolae_shop_overgrown_old_shop
D:6:      layout_basic, portal_sewer_entry_e, serial_shops,
          kennysheep_little_box, chequers_serial_rivers_small_a

Skill      XL: |  1 |
---------------+----+-----
Stealth        | 7 |  7.1
Fighting       | |  3.5
Axes           | |  2.7
Dodging        | |  2.7

Action                   |  1- 3 |  4- 6 || total
-------------------------+-------+-------++-------
Melee: Hand axe          |     5 |    11 ||    16
       Constrict         |     1 |     4 ||     5
       Tentacles         |     1 |     2 ||     3
Evoke: Wand              |       |     1 ||     1
  Use: Scroll            |     1 |       ||     1
       Potion            |       |     2 ||     2
Armor: Skin              |     2 |     2 ||     4
Dodge: Dodged            |     4 |     7 ||    11
